[Event "44th Chess Olympiad Women 2022"]
[Site "Chennai"]
[Date "2022.07.30"]
[Round "2.58"]
[White "Pinder, Trinity"]
[Black "Park, Sunwoo"]
[Result "0-1"]
[ECO "D31"]
[WhiteElo "1183"]
[BlackElo "1773"]
[Annotator "NA COMBH"]
[PlyCount "78"]
[EventDate "2022.07.29"]
[EventType "team-tourn"]
[EventCountry "IND"]
[SourceTitle "playchess.com"]
[Source "ChessBase"]
[SourceQuality "1"]
[WhiteTeam "Bahamas"]
[BlackTeam "Korea"]
[WhiteTeamCountry "BAH"]
[BlackTeamCountry "KOR"]
[TimeControl "40/5400+30:1800+30"]

1. d4 d5 2. c4 e6 3. Nf3 c6 4. Nc3 dxc4 5. e3 b5 6. a4 Bb4 7. Bd2 Bd7 8. b3 Qe7 9. bxc4 Bxc3 10. Bxc3 b4 11. Bb2 Nf6 12. Bd3 O-O 13. O-O a5 14. e4 Rd8 15. Re1 Na6 16. e5 Nh5 17. Qc2 g6 18. Be4 Rab8 19. c5 b3 20. Qd3 Bc8 21. Qc3 Nb4 22. Qxb3 Ba6 23. Qc3 Nf4 24. Qd2 Nfd3 25. Bxd3 Nxd3 26. Reb1 Qb7 27. Qh6 Nxb2 28. Ng5 f5 29. exf6 Rd7 30. Re1 Nd3 31. Red1 Nf4 32. f7+ Rxf7 33. Nxf7 Qxf7 34. Rab1 Rf8 35. Rb6 Be2 36. Rdb1 Nh3+ 37. Qxh3 Qxf2+ 38. Kh1 Qf1+ 39. Rxf1 Rxf1# 0-1

[Event "44th Chess Olympiad Women 2022"]
[Site "Chennai"]
[Date "2022.07.30"]
[Round "2.59"]
[White "Mongeli, Sasha"]
[Black "Magne Kouokam Sylviane"]
[Result "1-0"]
[ECO "A53"]
[WhiteElo "1672"]
[BlackElo "1317"]
[Annotator "NA RC COMBH"]
[PlyCount "83"]
[EventDate "2022.07.29"]
[EventType "team-tourn"]
[EventCountry "IND"]
[SourceTitle "playchess.com"]
[Source "ChessBase"]
[SourceQuality "1"]
[WhiteTeam "Kenya"]
[BlackTeam "CMR"]
[WhiteTeamCountry "KEN"]
[TimeControl "40/5400+30:1800+30"]

1. Nf3 Nf6 2. d4 d6 3. c4 b6 4. g3 g6 5. Bg2 Bb7 6. Nc3 d5 7. Ne5 e6 8. Bg5 Bg7 9. Qa4+ c6 10. cxd5 exd5 11. Nxd5 b5 12. Nxf6+ Bxf6 13. Bxf6 Qxf6 14. Qa3 Qe6 15. e3 Na6 16. O-O Rc8 17. Rfc1 f6 18. Nxc6 Bxc6 19. Qxa6 Bd7 20. Rxc8+ Bxc8 21. Qxb5+ Ke7 22. Qc5+ Qd6 23. Qxa7+ Bd7 24. Rc1 Rd8 25. Rc7 Kf8 26. b4 Qe6 27. Qc5+ Kg7 28. Bd5 Qe8 29. Bc6 Kh8 30. Rxd7 Rxd7 31. Qb5 Qd8 32. Bxd7 Kg7 33. a4 Qc7 34. Bc6 Kh6 35. a5 f5 36. a6 Kg5 37. Qc5 Qf7 38. a7 Qa2 39. a8=Q Qb1+ 40. Kg2 Qd1 41. Qe7+ Kh6 42. Qaf8+ 1-0

[Event "44th Chess Olympiad Women 2022"]
[Site "Chennai"]
[Date "2022.07.30"]
[Round "2.61"]
[White "Lohani, Sujana"]
[Black "Roberts, Tallulah"]
[Result "1-0"]
[ECO "D27"]
[WhiteElo "1697"]
[BlackElo "1536"]
[Annotator "NA COMBH"]
[PlyCount "77"]
[EventDate "2022.07.29"]
[EventType "team-tourn"]
[EventCountry "IND"]
[SourceTitle "playchess.com"]
[Source "ChessBase"]
[SourceQuality "1"]
[WhiteTeam "Nepal"]
[BlackTeam "Channel Islands"]
[WhiteTeamCountry "NEP"]
[BlackTeamCountry "JCI"]
[TimeControl "40/5400+30:1800+30"]

1. d4 d5 2. Nf3 Nf6 3. c4 dxc4 4. e3 e6 5. Bxc4 c5 6. O-O a6 7. a4 Nc6 8. Nc3 b6 9. d5 exd5 10. Nxd5 Bb7 11. e4 Be7 12. Re1 O-O 13. Bf4 Rc8 14. Qe2 Nd4 15. Nxd4 cxd4 16. Bxa6 Bxa6 17. Nxe7+ Qxe7 18. Qxa6 Qb4 19. Qb5 Qxb5 20. axb5 Rfd8 21. Rac1 Rxc1 22. Bxc1 Rc8 23. f3 Rc2 24. Rd1 h6 25. b4 Kf8 26. Bf4 Rc4 27. Rc1 Rc3 28. Kf1 Nd7 29. Rxc3 dxc3 30. Ke2 g5 31. Bd6+ Ke8 32. Kd3 c2 33. Kxc2 Kd8 34. Kd3 Nf6 35. Kd4 Kd7 36. Be5 Nh5 37. g4 Nf4 38. Bxf4 gxf4 39. Ke5 1-0

[Event "44th Chess Olympiad Women 2022"]
[Site "Chennai"]
[Date "2022.07.30"]
[Round "2.62"]
[White "Almusawi, Maram"]
[Black "De la Riva Real, Ariadna"]
[Result "0-1"]
[ECO "D30"]
[WhiteElo "1349"]
[BlackElo "1649"]
[Annotator "NA COMBH"]
[PlyCount "80"]
[EventDate "2022.07.29"]
[EventType "team-tourn"]
[EventCountry "IND"]
[SourceTitle "playchess.com"]
[Source "ChessBase"]
[SourceQuality "1"]
[WhiteTeam "Brunei"]
[BlackTeam "Andorra"]
[WhiteTeamCountry "BRN"]
[BlackTeamCountry "AND"]
[TimeControl "40/5400+30:1800+30"]

1. d4 d5 2. Nf3 Nf6 3. c4 c6 4. e3 e6 5. Bd3 Be7 6. O-O Nbd7 7. a3 c5 8. Nc3 a6 9. Re1 O-O 10. e4 cxd4 11. Nxd4 Bc5 12. Nf3 Qb6 13. Be3 Bxe3 14. Rxe3 Ng4 15. Re2 dxe4 16. Bxe4 f5 17. Bd3 e5 18. Nd5 Qd8 19. Bc2 e4 20. Nd4 Nde5 21. h3 Nh6 22. Bb3 Kh8 23. c5 Qg5 24. Re3 f4 25. Rxe4 Bxh3 26. g4 fxg3 27. f4 Qh4 28. Nf3 Nxf3+ 29. Qxf3 Bf5 30. Re2 Bg4 31. Qd3 Bxe2 32. Qxe2 Ng4 33. Qf3 Qh2+ 34. Kf1 Ne5 35. Qe3 Qh1+ 36. Ke2 Qxa1 37. Qxg3 Qxb2+ 38. Ke1 Ng6 39. Bc4 Qc1+ 40. Kf2 Qxc4 0-1

[Event "44th Chess Olympiad Women 2022"]
[Site "Chennai"]
[Date "2022.07.30"]
[Round "2.63"]
[White "Chuemsakul, Sarocha"]
[Black "Abigail Karyah"]
[Result "1-0"]
[ECO "D02"]
[WhiteElo "1684"]
[BlackElo "1455"]
[Annotator "NA RC COMBH"]
[PlyCount "97"]
[EventDate "2022.07.29"]
[EventType "team-tourn"]
[EventCountry "IND"]
[SourceTitle "playchess.com"]
[Source "ChessBase"]
[SourceQuality "1"]
[WhiteTeam "Thailand"]
[BlackTeam "Liberia"]
[WhiteTeamCountry "THA"]
[BlackTeamCountry "LBR"]
[TimeControl "40/5400+30:1800+30"]

1. Nf3 Nf6 2. g3 Nc6 3. d4 d5 4. Bg2 e6 5. O-O b6 6. c4 Bb7 7. Qa4 Qd7 8. Nc3 Be7 9. Rd1 Rd8 10. cxd5 Nxd5 11. Nxd5 exd5 12. Bf4 a5 13. Rac1 O-O 14. a3 Bd6 15. e3 Bxf4 16. exf4 Ne5 17. Qb3 Nxf3+ 18. Bxf3 Rc8 19. Re1 Rfd8 20. Re3 Ba6 21. Be2 Bxe2 22. Rxe2 Qd6 23. Qb5 Kf8 24. Rc6 Qd7 25. Kg2 Re8 26. Re5 Rcd8 27. Qa4 g6 28. Qc2 Rc8 29. b4 axb4 30. axb4 Re7 31. b5 Rce8 32. h3 Kg7 33. Qc3 f6 34. Rxc7 Qxc7 35. Qxc7 Rxc7 36. Rxe8 Rd7 37. Re6 Kf7 38. Rxb6 Ke7 39. Rc6 Rb7 40. b6 f5 41. g4 fxg4 42. hxg4 Kd7 43. Rc7+ Rxc7 44. bxc7 Kxc7 45. Kg3 Kd7 46. Kh4 h6 47. g5 Ke6 48. gxh6 Kf6 49. Kg4 1-0

[Event "44th Chess Olympiad Women 2022"]
[Site "Chennai"]
[Date "2022.07.30"]
[Round "2.65"]
[White "Cadeau, Merisena"]
[Black "Bah, Mariama Djelo"]
[Result "1-0"]
[ECO "C55"]
[WhiteElo "1439"]
[BlackElo "1008"]
[Annotator "NA RC COMBH"]
[PlyCount "79"]
[EventDate "2022.07.29"]
[EventType "team-tourn"]
[EventCountry "IND"]
[SourceTitle "playchess.com"]
[Source "ChessBase"]
[SourceQuality "1"]
[WhiteTeam "Haiti"]
[BlackTeam "SLE"]
[WhiteTeamCountry "HAI"]
[TimeControl "40/5400+30:1800+30"]

1. e4 e5 2. Nf3 Nc6 3. Bc4 Nf6 4. Nc3 d5 5. exd5 Nxd5 6. Bxd5 Bb4 7. Bxc6+ bxc6 8. Nxe5 O-O 9. O-O Bd7 10. Qf3 Re8 11. Nxc6 Bxc6 12. Qxc6 Qe7 13. d4 h6 14. Bf4 Rac8 15. Nd5 Qe6 16. Qxe6 Rxe6 17. Nxb4 Rce8 18. Nd5 c6 19. Nc7 Re4 20. Nxe8 Rxe8 21. Rfe1 Ra8 22. Re7 a5 23. Rae1 a4 24. Re8+ Rxe8 25. Rxe8+ Kh7 26. b4 a3 27. b5 cxb5 28. d5 b4 29. d6 b3 30. cxb3 g5 31. Bc1 g4 32. d7 f5 33. Re6 f4 34. Bxf4 h5 35. d8=Q h4 36. Qxh4+ Kg7 37. Qh6+ Kf7 38. Qf6+ Kg8 39. Re8+ Kh7 40. Qh6# 1-0

[Event "44th Chess Olympiad Women 2022"]
[Site "Chennai"]
[Date "2022.07.30"]
[Round "2.73"]
[White "Inthavong, Maly"]
[Black "Sewak, Aarti"]
[Result "0-1"]
[ECO "B00"]
[WhiteElo "1231"]
[BlackElo "1412"]
[Annotator "NA RC COMBH"]
[PlyCount "78"]
[EventDate "2022.07.29"]
[EventType "team-tourn"]
[EventCountry "IND"]
[SourceTitle "playchess.com"]
[Source "ChessBase"]
[SourceQuality "1"]
[WhiteTeam "Laos"]
[BlackTeam "Fiji"]
[WhiteTeamCountry "LAO"]
[BlackTeamCountry "FIJ"]
[TimeControl "40/5400+30:1800+30"]

1. e4 Nc6 2. Bc4 e6 3. Ne2 Nf6 4. d3 Be7 5. O-O Ne5 6. Nd2 d5 7. Bb3 c6 8. f4 Neg4 9. Nf3 dxe4 10. Nfd4 Bc5 11. c3 Qc7 12. Ng3 e5 13. fxe5 Qxe5 14. Qe2 Bxd4+ 15. cxd4 Qxd4+ 16. Kh1 e3 17. h3 O-O 18. hxg4 Nxg4 19. Nf5 Bxf5 20. Rxf5 Rae8 21. g3 Nf2+ 22. Kg2 Nxd3 23. Rb1 Qe4+ 24. Rf3 Ne5 25. Bc2 Qd5 26. Bb3 Qe4 27. Bc2 Qg4 28. Rxe3 Qd4 29. Re4 Qd5 30. Bb3 Nc4 31. Bxc4 Rxe4 32. Bxd5 Rxe2+ 33. Kf3 Re1 34. Kf2 Rfe8 35. Bf3 f5 36. b3 g5 37. Bh5 R8e6 38. a4 g4 39. Ra1 R6e2# 0-1

[Event "44th Chess Olympiad Women 2022"]
[Site "Chennai"]
[Date "2022.07.30"]
[Round "2.75"]
[White "Marusic, Nada"]
[Black "Tilman, Zulmira Americo"]
[Result "0-1"]
[ECO "C55"]
[WhiteElo "1955"]
[BlackElo "1255"]
[Annotator "TA"]
[PlyCount "68"]
[EventDate "2022.07.29"]
[EventType "team-tourn"]
[EventCountry "IND"]
[SourceTitle "playchess.com"]
[Source "ChessBase"]
[SourceQuality "1"]
[WhiteTeam "Slovenia"]
[BlackTeam "TLS"]
[WhiteTeamCountry "SLO"]
[TimeControl "40/5400+30:1800+30"]

1. e4 e5 2. Nf3 Nc6 3. Nc3 Nf6 4. Bc4 Bc5 5. Ng5 O-O 6. d3 d6 7. O-O (7. h3 $11 {keeps the balance.}) 7... a6 {[%emt 0:01:54] [#] C55: Two Knights: 4 d3, 4 d4 exd4 5 e5 and Max Lange Attack.} (7... Bg4 $17 8. Nf3 Nd4) 8. b3 $146 (8. Nd5 $11 {and White stays safe.}) ({Predecessor:} 8. a3 Bg4 9. Qd2 h6 10. h3 Bh5 11. a4 Nd4 12. Re1 hxg5 13. Qxg5 Nxc2 14. Bd2 Nxa1 15. Rxa1 {0-1 (24) Ferdousi,A (1004)-Noshin,A (2004) Dhaka 2021}) 8... Ng4 (8... Bg4 $19 9. Qd2 h6 10. Bxf7+ Rxf7 11. Nxf7 Kxf7) 9. Qf3 (9. Rb1 $11 {and White has nothing to worry.}) 9... Nf6 $2 (9... Nd4 $1 $19 10. Qd1 (10. Bxf7+ $2 Kh8 $19) (10. Qh3 $2 h6 $19) 10... h6) 10. Re1 $2 (10. Qd1 $1 $11 {and White is okay.}) 10... Nd4 $19 11. Qd1 {[%emt 0:03:18] [#]} c6 (11... Bg4 $1 $19 {[%cal Rg4d1] has better winning chances.} 12. Qd2 b5 13. Bxf7+ Rxf7 14. Nxf7 Kxf7) 12. Na4 $17 Bb4 (12... Ba7 $17 {Hoping for ...d5.} 13. c3 Bg4) 13. c3 $11 {[%emt 0:02:29] Nxf7 is the strong threat.} Ba5 $2 {[%emt 0:03:23] [#]} (13... b5 $15 {stays ahead.} 14. cxb4 bxa4 15. bxa4 h6) 14. cxd4 ({White should play} 14. b4 $1 Bxb4 15. cxb4) 14... Bxe1 $16 15. Qxe1 exd4 16. Nf3 (16. e5 $16 d5 17. exf6) 16... b5 $36 {[%emt 0:00:15][%mdl 2048] Black is more active.} 17. Nb2 (17. Nxd4 $11 bxc4 18. bxc4) 17... bxc4 $17 18. Nxc4 c5 19. b4 h6 (19... Bg4 $142 {Strongly threatening ...Bxf3.} 20. bxc5 Bxf3 21. gxf3 dxc5) 20. bxc5 dxc5 21. Ba3 Qc7 22. Rb1 (22. Qa5 $142 Qxa5 23. Nxa5) 22... Ng4 (22... Be6 $17 {White must now prevent ...Bxc4.} 23. Rc1 Nd7) 23. Nb6 ({White should try} 23. Rc1 $15) 23... Rb8 24. Qa5 (24. Nd5 $142 Rxb1 25. Qxb1) 24... Be6 25. Bxc5 Rfd8 {[%emt 0:05:46] Chess con chili.} (25... Rfc8 $19 26. Bxd4 Rd8) 26. Bxd4 {[%emt 0:04:07][%mdl 8192] [#]} (26. h3 $17 Ne5 27. Nxe5 Qxe5 28. Re1) 26... Rxd4 $1 $19 27. Nxd4 (27. h3 Rxd3) 27... Qxh2+ 28. Kf1 Qh1+ {[%emt 0:01:07][%mdl 64] Skewer} 29. Ke2 Qxb1 30. Qxa6 Qb2+ {[%emt 0:00:21] Black mates.} 31. Kd1 Nxf2+ 32. Ke1 Qxd4 33. Na4 Qe3+ 34. Kf1 Rb1# {[%emt 0:00:09] Weighted Error Value: White=1.25/Black=0.62} 0-1